AoeStats
← Buhr

Arena

509771880Analyzed
4v4 RM · 5d ago on Sep 28, 2026· 48m 10s· 8 players
Game mode
Random Map
Map size
Large (8 player)
Population
200
Speed
Normal
Resources
Standard
Victory
Conquest
Starting age
Dark Age
Ending age
Imperial Age
RankedLock teamsTeams togetherTeam positionsShared explorationLock speedFull tech treeHidden civsTurbo modeCheats
Victory
Defeat
🇦🇷 Saxons · Argentina
1909
+7
🇪🇨 Varangians · Ecuador
1832
+9
🇦🇺 Huns · Australia
1766
+10
🇺🇸 Vietnamese · United States
1624
+16
🇨🇴 Byzantines · Colombia
1683
-11
🇨🇳 Portuguese · China
1681
-11
🇨🇴 Cumans · Colombia
1662
-11
🇺🇸 Bengalis · United States
1619
-9
Buhr
9:59 Feudal Age
11:41 Wheelbarrow
14:58 Castle Age
13:48 Double-Bit Axe
14:06 Loom
14:29 Horse Collar
15:59 Bow Saw
20:26 Town Watch
24:54 Fletching
28:58 Imperial Age
26:46 Fortified Wall
26:52 Bloodlines
26:43 Husbandry
27:21 Bodkin Arrow
29:03 Padded Archer Armor
31:31 Chemistry
31:13 Bracer
32:29 Padded Archer Armor
36:18 Ballistics
39:12 Leather Archer Armor
45:57 Ring Archer Armor
46:02 Light Cavalry
The .Gocho
8:26 Feudal Age
10:32 Double-Bit Axe
17:35 Loom
18:26 Wheelbarrow
18:13 Fletching
21:53 Castle Age
20:11 Horse Collar
21:35 Forging
21:30 Scale Barding Armor
22:12 Bloodlines
21:55 Gold Mining
23:14 Iron Casting
22:11 Capped Ram
25:39 Chain Barding Armor
26:46 Hand Cart
26:37 Heavy Plow
27:24 Bow Saw
29:00 Town Watch
31:46 Imperial Age
28:57 Light Cavalry
29:36 Bodkin Arrow
30:36 Gold Shaft Mining
29:51 Stone Mining
31:12 Padded Archer Armor
31:07 Elite Skirmisher
32:08 Masonry
32:11 Elite Steppe Lancer
34:42 Blast Furnace
34:18 Plate Barding Armor
33:57 Hussar
36:21 Crop Rotation
36:13 Steppe Husbandry
FMG | KauTrEnS
10:34 Feudal Age
14:52 Castle Age
13:04 Horse Collar
13:57 Double-Bit Axe
19:35 Bow Saw
22:56 Heavy Plow
24:46 Gold Mining
25:22 Stone Mining
26:14 Wheelbarrow
29:34 Imperial Age
26:51 Loom
27:53 Hand Cart
28:58 Fletching
29:09 Padded Archer Armor
29:31 Ballistics
30:14 Gold Shaft Mining
30:16 Stone Shaft Mining
29:50 Elite Skirmisher
30:26 Bodkin Arrow
30:48 Leather Archer Armor
31:05 Bracer
32:07 Chemistry
32:24 Ring Archer Armor
33:25 Scale Barding Armor
33:31 Forging
33:00 Elite Cataphract
33:55 Logistica
37:26 Chain Barding Armor
37:42 Iron Casting
40:06 Plate Barding Armor
41:33 Crossbowman
42:39 Arbalester
43:55 Thumb Ring
YYQ
10:03 Feudal Age
14:02 Castle Age
12:17 Double-Bit Axe
12:41 Horse Collar
15:06 Bow Saw
20:58 Wheelbarrow
20:51 Heavy Plow
22:48 Gold Mining
24:44 Stone Mining
27:55 Imperial Age
25:42 Hand Cart
25:14 Loom
25:20 Town Watch
26:02 Ballistics
26:06 Treadmill Crane
27:06 Stone Shaft Mining
27:40 Masonry
29:41 Chemistry
28:02 Elite Organ Gun
29:51 Two-Man Saw
29:38 Crop Rotation
29:36 Capped Ram
31:03 Coinage
30:57 Conscription
31:06 Arquebus
33:18 Siege Engineers
34:28 Banking
41:36 Town Patrol
Eärnur
10:06 Feudal Age
13:59 Castle Age
12:23 Double-Bit Axe
12:51 Horse Collar
15:28 Bow Saw
21:35 Wheelbarrow
22:31 Hand Cart
22:22 Heavy Plow
24:34 Town Watch
25:13 Gold Mining
26:09 Scale Barding Armor
26:15 Forging
28:45 Imperial Age
26:01 Loom
26:43 Stone Mining
27:37 Chain Barding Armor
28:28 Iron Casting
27:42 Vendel Legacy
29:01 Treadmill Crane
28:52 Elite Jarl
30:36 Conscription
31:32 Plate Barding Armor
31:58 Blast Furnace
33:02 Two-Man Saw
32:51 Gothikon
33:41 Fletching
36:04 Bloodlines
35:55 Husbandry
36:35 Caravan
38:11 Coinage
39:10 Chemistry
40:06 Banking
39:46 Guilds
42:13 Guilds
42:20 Bodkin Arrow
44:56 Masonry
47:27 Murder Holes
VL SlenderMan
10:27 Feudal Age
14:26 Castle Age
12:50 Double-Bit Axe
14:09 Loom
16:10 Wheelbarrow
19:50 Bow Saw
19:29 Horse Collar
26:08 Stone Mining
26:10 Gold Mining
30:55 Imperial Age
29:03 Stone Mining
29:16 Fletching
29:43 Padded Archer Armor
30:28 Bodkin Arrow
31:03 Ballistics
31:26 Stone Shaft Mining
31:23 Heavy Plow
32:43 Chemistry
32:13 Bracer
32:21 Padded Archer Armor
33:20 Paper Money
37:28 Masonry
39:10 Leather Archer Armor
39:55 Pikeman
40:35 Squires
41:19 Ring Archer Armor
40:51 Scale Mail Armor
41:08 Hand Cart
41:19 Forging
41:27 Halberdier
43:51 Crop Rotation
43:42 Chain Mail Armor
44:59 Iron Casting
45:42 Plate Mail Armor
Kaydos
10:05 Feudal Age
13:41 Castle Age
12:17 Double-Bit Axe
12:29 Horse Collar
20:08 Wheelbarrow
20:36 Bow Saw
20:22 Gold Mining
22:08 Hand Cart
26:21 Imperial Age
24:46 Scale Mail Armor
25:21 Heavy Plow
25:18 Pikeman
26:15 Chain Mail Armor
26:26 Capped Ram
27:13 Stone Mining
27:37 Siege Ram
28:45 Halberdier
30:41 Forging
31:07 Loom
31:07 Town Watch
33:34 Iron Casting
33:01 Squires
32:47 Arson
35:33 Conscription
36:41 Blast Furnace
38:19 Two-Man Saw
37:55 Gold Shaft Mining
37:11 Stone Mining
37:53 Coinage
37:25 Fletching
38:04 Bodkin Arrow
39:09 Bracer
39:10 Padded Archer Armor
40:12 Chemistry
40:20 Parthian Tactics
39:15 Heavy Cavalry Archer
40:47 Thumb Ring
41:22 Banking
41:26 Leather Archer Armor
41:33 Ballistics
41:17 Caravan
41:34 Guilds
42:00 Masonry
47:04 Elite Skirmisher
VL Nahue05
10:52 Feudal Age
14:29 Castle Age
12:28 Double-Bit Axe
12:34 Horse Collar
13:19 Gold Mining
14:55 Gold Mining
15:25 Bow Saw
15:39 Heavy Plow
20:49 Wheelbarrow
20:13 Loom
20:22 Loom
20:23 Town Watch
21:09 Pikeman
22:15 Hand Cart
22:38 Pikeman
27:53 Imperial Age
25:24 Squires
25:25 Scale Mail Armor
28:55 Chain Mail Armor
28:06 Capped Ram
30:14 Conscription
30:54 Plate Mail Armor
30:20 Gold Mining
31:11 Forging
31:59 Gold Shaft Mining
32:32 Chemistry
33:15 Two-Man Saw
32:46 Crop Rotation
33:15 Iron Casting
32:46 Siege Engineers
32:34 Stone Mining
32:48 Treadmill Crane
32:44 Elite Varangian Guard
33:29 Halberdier
34:14 Shield Wall
34:29 Siege Ram
36:06 Fletching
36:49 Caravan
38:18 Masonry
39:38 Gambesons
40:26 Architecture
40:49 Bodkin Arrow
42:01 Coinage
42:48 Bracer
43:49 Hoardings
43:50 Onager
Connection lost

Rejoining the realm…

Still unreachable

The connection could not be restored.

Session expired

The server has moved on; the page needs a fresh start.